 Dungeon Crawl Stone Soup version 0.20-a0-1033-g05abe66 (webtiles) character file.

25 M4edhros the Grave Robber (level 3, 0/21 HPs)
             Began as an Octopode Necromancer on Apr 21, 2017.
             Succumbed to an adder's poison
             ... on level 2 of the Dungeon.
             The game lasted 00:01:27 (288 turns).

M4edhros the Grave Robber (Octopode Necromancer)     Turns: 288, Time: 00:01:27

Health: 0/21       AC:  1    Str:  7    XL:     3   Next: 4%
Magic:  1/6        EV: 15    Int: 17    God:
Gold:   14         SH:  0    Dex: 13    Spells: 4/6 levels left

rFire    . . .     SeeInvis .   f - +0 short sword (flame)
rCold    . . .     Gourm    .   (no shield)
rNeg     . . .     Faith    .   (helmet restricted)
rPois    .         Spirit   .   (no amulet)
rElec    .         Reflect  .   j - +2 ring of evasion
rCorr    .         Harm     .   (no ring)
MR       .....                  (no ring)
Stlth    +++.......             (no ring)
Regen    0.1/turn               (no ring)
MPRegen  0.1/turn               (no ring)
                                (no ring)
                                (no ring)

@: lethally poisoned (0 -> -7)
A: almost no armour, stealthy swim, amphibious, 8 rings, constrict 8, camouflage
1, gelatinous body 1
a: no special abilities


You were on level 2 of the Dungeon.
You were not hungry.

You visited 1 branch of the dungeon, and saw 2 of its levels.

You collected 14 gold pieces.

Inventory:

Hand Weapons
 f - a +0 short sword of flaming (weapon)
Missiles
 d - 3 javelins of penetration (quivered)
Jewellery
 j - a +2 ring of evasion (left tentacle)
Scrolls
 e - a scroll of fog {unknown}
 h - a scroll of blinking {unknown}
 i - a scroll of teleportation {unknown}
 k - a scroll of identify {unknown}
Books
 a - a book of Necromancy

   Spells                             Type                      Level
   a - Pain                           Necromancy                   1
   b - Animate Skeleton               Necromancy                   1
   c - Vampiric Draining              Necromancy                   3
   d - Regeneration                   Charms/Necromancy            3
   e - Animate Dead                   Necromancy                   4
   f - Control Undead                 Necromancy                   4
Comestibles
 b - a bread ration
 c - 4 chunks of flesh
 g - a meat ration


   Skills:
 - Level 2.0 Dodging
 - Level 2.6 Stealth
 + Level 2.5 Unarmed Combat
 - Level 2.0 Spellcasting
 - Level 4.0 Necromancy


You had 4 spell levels left.
You knew the following spells:

 Your Spells              Type           Power        Failure   Level  Hunger
a - Pain                  Necr           ###.         3%          1    #......
b - Animate Skeleton      Necr           N/A          3%          1    #......


Dungeon Overview and Level Annotations

Branches:
Dungeon (2/15)

Altars:


Innate Abilities, Weirdness & Mutations

You cannot wear most types of armour.
You are very stealthy in the water. (Stealth+)
You are amphibious.
You can wear up to eight rings at the same time.
You can use your tentacles to constrict eight enemies at once.
Your skin changes colour to match your surroundings (Stealth+).
Your rubbery body absorbs attacks. (AC +1, EV +1)


Message History

Unknown command.
Unknown command.
Unknown command.
Unknown command.
Unknown command.
Unknown command.
Unknown command.
Unknown command.
Casting: Pain
Confirm with . or Enter, or press ? or * to list all spells.
Aiming: Pain
Press: ? - help, Shift-Dir - straight line, f/p - adder
Aim: an adder (heavily wounded, chance to defeat MR: 80%)
The adder writhes in agony!
You kill the adder!
You have reached level 3!
Your experience leads to an increase in your attributes!
Increase (S)trength, (I)ntelligence, or (D)exterity?
You feel agile.
You die...

###### ....[. ###
.....$######### #####..
........?.....# #...'..
.....†.!......### #.###..
..###...@.......# #.#.... ..
#...........# #.#.... ...
#...........# #......
...#######...##......###.(....
.........'...++......'........
##.#...(##...##......####...#.
#....##...#.....### #...#.
#....##...#.....# ####.
#....######.....#


There were no monsters in sight!

Vanquished Creatures
  An adder (D:2)
  A leopard gecko (D:1)
  A bat (D:1)
  A goblin (D:1)
  4 jackals (D:1)
  2 kobolds
  2 frilled lizards (D:2)
  A rat (D:1)
13 creatures vanquished.

Vanquished Creatures (collateral kills)
  A frilled lizard (D:1)
1 creature vanquished.

Grand Total: 14 creatures vanquished

Notes
Turn   | Place    | Note
-------+----------+-------------------------------------------
     0 | D:1      | M4edhros the Octopode Necromancer began the quest for the Orb.
     0 | D:1      | Reached XP level 1. HP: 11/11 MP: 3/3
    24 | D:1      | Reached skill level 1 in Unarmed Combat
    32 | D:1      | Learned a level 1 spell: Animate Skeleton
    54 | D:1      | Reached XP level 2. HP: 8/17 MP: 3/5
   288 | D:2      | Reached XP level 3. HP: 1/21 MP: 1/6
   288 | D:2      | Succumbed to an adder's poison

Vault maps used:
D:1:      enne_arrival_octagon_isle, columned_hall_lemuel,
          minmay_gold_behind_fungi
D:2:      cheibrodos_helix_gallery, minmay_lizard_king

Skill      XL: |  1  2 |
---------------+-------+-----
Unarmed Combat | 1 2 |  2.5
Dodging        | |  2.0
Stealth        | |  2.6
Spellcasting   | |  2.0
Necromancy     | |  4.0

Action                   || total
-------------------------++-------
Melee: Unarmed           ||    20
       Constrict         ||     5
       Punch             ||     1
       Short sword       ||     5
 Cast: Animate Skeleton  ||     4
       Pain              ||    10
  Use: Potion            ||     1
 Stab: Sleeping          ||     2
Armor: Skin              ||     4
Dodge: Dodged            ||    14
